 Dungeon Crawl Stone Soup version 0.20.1-1-g8b1a95d (webtiles) character file.

18986 Gremour the Fencer (level 12, -1/94 HPs)
             Began as a Demonspawn Monk on Oct 12, 2017.
             Was a High Priest of Trog.
             Slain by a four-headed hydra (7 damage)
             ... on level 1 of the Lair of Beasts.
             The game lasted 01:48:13 (13902 turns).

Gremour the Fencer (Demonspawn Monk)               Turns: 13902, Time: 01:48:15

Health: -1/94      AC: 12    Str: 16    XL:     12   Next: 32%
Magic:  0/12       EV: 20    Int: 18    God:    Trog [*****.]
Gold:   850        SH:  0    Dex: 25    Spells: 11/11 levels left

rFire    + + +     SeeInvis +   a - +3 long sword (elec)
rCold    . . .     Gourm    .   (no shield)
rNeg     . . .     Faith    .   X - +4 robe of the Morning Star {rF++ Int+2 Dex+3}
rPois    .         Spirit   +   h - +1 hat {SInv}
rElec    .         Reflect  .   C - +1 cloak
rCorr    .         Harm     .   n - +2 pair of gloves
MR       .....                  (no boots)
Stlth    ++++......             v - amulet of guardian spirit
Regen    0.3/turn               f - +1 ring of slaying
MPRegen  0.2/turn               o - +3 ring of strength

@: agile
A: claws 1, horns 2, talons 1, blurry vision 1, clever 1, fire resistance 1, low
mp 1, powered by death 1, wild magic 1, flame cloud immunity
a: Berserk, Trog's Hand, Brothers in Arms, Burn Spellbooks, Renounce Religion


You were on level 1 of the Lair of Beasts.
You worshipped Trog.
Trog was extremely pleased with you.
You were not hungry.

You visited 3 branches of the dungeon, and saw 14 of its levels.
You also visited: Sewer.

You collected 850 gold pieces.

Inventory:

Hand Weapons
 a - a +3 long sword of electrocution (weapon)
 b - a +3 great sword
 e - a +3 glaive of freezing
Missiles
 p - 2 javelins of returning
 O - 6 poisoned tomahawks (quivered)
Armour
 h - a +1 hat of see invisible (worn)
 n - a +2 pair of gloves (worn)
 s - the +0 shield of Charity {rF+ rN++ Str-3}
   (You found it on level 11 of the Dungeon)

   It affects your strength (-3).
   It protects you from fire.
   It greatly protects you from negative energy.
 y - a +2 scale mail of fire resistance
 C - a +1 cloak (worn)
 Q - a +1 robe of cold resistance
 X - the +4 robe of the Morning Star (worn) {rF++ Int+2 Dex+3}
   (You found it on level 11 of the Dungeon)

   It affects your intelligence (+2).
   It affects your dexterity (+3).
   It greatly protects you from fire.
Jewellery
 f - a +1 ring of slaying (left hand)
 o - a +3 ring of strength (right hand)
 v - an amulet of guardian spirit (around neck)
 P - an uncursed ring of ice
 Z - an uncursed ring of teleportation
Wands
 c - a wand of acid (6/15)
 j - a wand of flame (1/48)
 q - a wand of scattershot (6/9)
 x - a wand of iceblast (8/15)
 z - a wand of scattershot (4/9)
 J - a wand of confusion (29/48)
 L - a wand of lightning (10/15)
 M - a wand of flame (26/48)
 T - a wand of flame (32/48)
Scrolls
 g - 4 scrolls of remove curse
 i - 3 scrolls of identify
 k - 2 scrolls of fear
 l - 5 scrolls of teleportation
 r - 2 scrolls of fog
 G - a scroll of immolation
 I - a scroll of magic mapping
 R - a scroll of recharging
Potions
 m - a potion of curing
 w - 2 potions of might
Comestibles
 d - 4 meat rations
 F - 8 fruits
 K - 10 bread rations
 U - 17 royal jellies


   Skills:
 * Level 8.5 Fighting
 - Level 15.0 Long Blades
   Level 1.0 Maces & Flails
 - Level 3.5 Armour
 - Level 4.0 Dodging
 - Level 1.7 Stealth
 - Level 1.2 Shields
 - Level 5.5 Unarmed Combat
 - Level 2.1 Evocations


You had 11 spell levels left.
You didn't know any spells.

Dungeon Overview and Level Annotations

Branches:
Dungeon (11/15)            Temple (1/1) D:4            Lair (2/6) D:9
 Spider (0/4) Lair:2
  Swamp: Lair:2-4    Shoals: Lair:2-4       Orc: D:9-12

Altars:
Ashenzari
Cheibriados
Dithmenos
Elyvilon
Fedhas
Gozag
Hepliaklqana
Kikubaaqudgha
Makhleb
Nemelex Xobeh
Okawaru
Qazlal
Ru
Sif Muna
Trog
Uskayaw
Vehumet
Xom
Yredelemnul
Zin
The Shining One

Annotations:
Lair:1 Urug


Innate Abilities, Weirdness & Mutations

You have sharp fingernails.
You have a pair of horns on your head.
You have sharp toenails.
Your flesh is heat resistant. (rF+)
You regenerate a little health from kills.
You are immune to clouds of flame.
Scrolls take you a little longer to read.
Your mind is acute. (Int +2)
Your magical capacity is low. (-10% MP)
Your spells are a little harder to cast, but a little more powerful.


Message History

The four-headed hydra bites you!
* * * LOW HITPOINT WARNING * * *
The four-headed hydra closely misses you.
You feel agile all of a sudden.
The four-headed hydra is engulfed in blazing flames.
The four-headed hydra bites you!
* * * LOW HITPOINT WARNING * * *
The four-headed hydra closely misses you.
The four-headed hydra bites you!
* * * LOW HITPOINT WARNING * * *
The four-headed hydra bites you.
* * * LOW HITPOINT WARNING * * *
Really read with blurry vision while enemies are nearby?
Urug hits you from afar with a glaive of flaming.
* * * LOW HITPOINT WARNING * * *
You begin reading the scroll.
You continue reading the scroll.
The four-headed hydra is engulfed in blazing flames.
The four-headed hydra closely misses you.
The four-headed hydra bites you!
You die...

#...............##
##.................
#..................
#................##
#(...............##
##..............###
######.............P##
###.#.##Do....>.....####
#....##@##.......#.##
##......###....P####
##(....## #######
#.......## ##........#
#.........##
##.........# #........##
#........#


You could see a four-headed hydra and Urug.

Vanquished Creatures
  Gastronok (D:8)
  Fannar (D:10)
  A hydra (Lair:1)
  A two-headed ogre (D:10)
  Sonja (Lair:1)
  Pikel (D:6)
  2 deep elf magi (D:11)
  An ugly thing (D:10)
  2 slime creatures (D:10)
  An ice statue (D:10)
  A spiny frog (Lair:2)
  A komodo dragon (Lair:1)
  A demonic crawler (Lair:2)
  A queen bee (D:9)
  2 trolls (D:9)
  Grinder (D:4)
  4 hippogriffs
  Sigmund (D:6)
  11 yaks
  2 hogs (D:9)
  A human (D:9)
  Menkaure (D:4)
  2 water moccasins
  4 porcupines (Lair:1)
  A swamp drake (D:11)
  4 orc warriors
  2 ice beasts
  2 phantoms
  3 sky beasts
  2 necrophages
  2 wolves (D:9)
  6 ogres
  2 centaurs
  The ghost of Frank the Skirmisher, an amateur OpFi (Sewer)
  A crocodile (Lair:1)
  A big kobold (D:7)
  6 bullfrogs
  A water moccasin skeleton (D:7)
  2 water moccasin zombies
  3 scorpions
  33 killer bees
  A howler monkey (D:5)
  3 electric eels
  4 jellies
  3 crimson imps
  A quasit (D:8)
  2 centaur zombies
  8 orc priests
  2 centaur skeletons
  7 hounds
  An iron imp (D:10)
  11 orc wizards
  2 bullfrog skeletons
  3 iguanas
  Natasha (thrice) (D:2)
  7 worker ants
  A killer bee zombie (D:8)
  2 hound zombies (D:8)
  Robin (D:2)
  13 gnolls
  11 adders
  2 shadow imps
  A white imp (D:11)
  2 adder skeletons
  5 worms
  4 dart slugs
  8 leopard geckos
  48 orcs
  5 bats
  18 giant cockroaches
  14 hobgoblins
  4 jackals (D:7)
  10 kobolds
  6 quokkas
  4 ball pythons
  12 frilled lizards
  14 goblins
  A jackal skeleton (D:4)
  5 rats
366 creatures vanquished.

Vanquished Creatures (collateral kills)
  A gargoyle (D:10)
  An electric eel (D:9)
  2 hounds (D:9)
4 creatures vanquished.

Vanquished Creatures (others)
  2 slaves (D:6)
  2 bullfrogs (D:6)
  A scorpion (D:6)
  A frilled lizard (D:6)
6 creatures vanquished.

Grand Total: 376 creatures vanquished

Notes
Turn   | Place    | Note
-------+----------+-------------------------------------------
     0 | D:1      | Gremour the Demonspawn Monk began the quest for the Orb.
     0 | D:1      | Reached XP level 1. HP: 18/18 MP: 1/1
    67 | D:1      | Reached skill level 3 in Long Blades
   292 | D:1      | Gained mutation: You have sharp fingernails. [demonic ancestry]
   292 | D:1      | Reached XP level 2. HP: 15/24 MP: 2/2
   860 | D:2      | Reached XP level 3. HP: 8/29 MP: 3/3
  1332 | D:2      | Noticed Natasha
  1381 | D:2      | Killed Natasha
  1381 | D:2      | Reached skill level 4 in Long Blades
  1423 | D:2      | Gained mutation: You regenerate a little health from kills. [demonic ancestry]
  1423 | D:2      | Reached XP level 4. HP: 18/35 MP: 4/4
  1464 | D:2      | Noticed Natasha
  1516 | D:2      | Killed Natasha
  1782 | D:2      | Reached skill level 5 in Long Blades
  1784 | D:2      | Noticed Robin
  1842 | D:2      | Killed Robin
  1874 | D:2      | Noticed Natasha
  1881 | D:2      | Gained mutation: You have sharp toenails. [demonic ancestry]
  1881 | D:2      | Reached XP level 5. HP: 23/41 MP: 5/5
  1892 | D:2      | Killed Natasha
  2479 | D:3      | Reached skill level 6 in Long Blades
  2588 | D:3      | Found a glowing drain.
  2592 | Sewer    | Entered a sewer
  2611 | Sewer    | Noticed Frank's ghost (amateur OpFi)
  2638 | Sewer    | Killed Frank's ghost
  2638 | Sewer    | Reached XP level 6. HP: 9/47 MP: 6/6
  3035 | Sewer    | Reached skill level 7 in Long Blades
  3402 | D:3      | Reached XP level 7. HP: 52/52 MP: 7/7
  3619 | D:4      | Noticed Menkaure
  3627 | D:4      | Killed Menkaure
  3851 | D:4      | Noticed Grinder
  3865 | D:4      | Killed Grinder
  3865 | D:4      | Reached skill level 8 in Long Blades
  4001 | D:4      | Found a staircase to the Ecumenical Temple.
  4015 | Temple   | Entered the Ecumenical Temple
  4132 | Temple   | Became a worshipper of Trog the Wrathful
  4132 | Temple   | Reached * piety under Trog
  4132 | Temple   | Reached ** piety under Trog
  4308 | D:4      | Reached skill level 9 in Long Blades
  4308 | D:4      | Reached XP level 8. HP: 24/58 MP: 3/8
  4579 | D:5      | Entered Level 5 of the Dungeon
  4750 | D:5      | Found a white marble altar of Elyvilon.
  4889 | D:5      | Reached skill level 1 in Unarmed Combat
  5230 | D:6      | Noticed Pikel
  5250 | D:6      | Killed Pikel
  5250 | D:6      | Reached skill level 10 in Long Blades
  5568 | D:6      | Gained mutation: You have a pair of small horns on your head. [demonic ancestry]
  5568 | D:6      | Reached XP level 9. HP: 61/62 MP: 9/9
  5576 | D:6      | Noticed Sigmund
  5581 | D:6      | Killed Sigmund
  5610 | D:6      | Reached *** piety under Trog
  5656 | D:6      | Found a sparkling altar of Nemelex Xobeh.
  5802 | D:6      | Reached skill level 11 in Long Blades
  6563 | D:7      | Reached skill level 1 in Maces & Flails
  6673 | D:7      | Reached **** piety under Trog
  6782 | D:7      | You fall through a shaft!
  7061 | D:7      | Gained mutation: You can translocate small distances at will. [mutagenic meat]
  7223 | D:8      | Noticed Gastronok
  7236 | D:8      | Killed Gastronok
  7236 | D:8      | Reached skill level 13 in Long Blades
  7236 | D:8      | Gained mutation: Your flesh is heat resistant. (rF+) [demonic ancestry]
  7236 | D:8      | Reached XP level 10. HP: 52/69 MP: 5/10
  7526 | D:8      | Gained mutation: You occasionally shout uncontrollably at your foes. [mutagenic meat]
  7527 | D:8      | Gained mutation: Your flesh is cold resistant. (rC+) [mutagenic meat]
  7528 | D:8      | Gained mutation: Your spells are a little harder to cast, but a little more powerful. [mutagenic meat]
  7529 | D:8      | Gained mutation: Scrolls take you a little longer to read. [mutagenic meat]
  7530 | D:8      | Lost mutation: You can translocate small distances at will. [mutagenic meat]
  8222 | D:9      | Reached skill level 14 in Long Blades
  8226 | D:9      | Reached ***** piety under Trog
  8290 | D:9      | Found a sparkling altar of Nemelex Xobeh.
  8293 | D:9      | Found a shattered altar of Ashenzari.
  8293 | D:9      | Found a shimmering altar of Xom.
  8525 | D:9      | Reached XP level 11. HP: 17/74 MP: 5/11
  8529 | D:9      | Found a staircase to the Lair.
  9042 | D:9      | Reached skill level 1 in Armour
  9210 | D:9      | Found a glowing golden altar of the Shining One.
  9261 | D:9      | Found a glowing silver altar of Zin.
  9358 | D:10     | Entered Level 10 of the Dungeon
  9411 | D:10     | Found a sparkling altar of Nemelex Xobeh.
  9583 | D:10     | Noticed a two-headed ogre
  9590 | D:10     | Killed a two-headed ogre
  9876 | D:10     | Noticed Fannar
  9895 | D:10     | Killed Fannar
  9895 | D:10     | Reached skill level 1 in Evocations
  9926 | D:10     | Reached skill level 5 in Unarmed Combat
 10143 | D:10     | Received a gift from Trog
 10446 | D:10     | Noticed a cyan ugly thing
 10461 | D:10     | Killed a cyan ugly thing
 10461 | D:10     | Reached skill level 5 in Fighting
 10466 | D:10     | Gained mutation: You have a pair of horns on your head. [mutagenic meat]
 10880 | D:11     | Got a faintly glowing shield
 10886 | D:11     | Identified the cursed +0 shield of Charity {rF+ rN++ Str-3} (You found it on level 11 of the Dungeon)
 10930 | D:11     | Noticed a deep elf mage
 10938 | D:11     | Killed a deep elf mage
 10975 | D:11     | Noticed a deep elf mage
 10982 | D:11     | Killed a deep elf mage
 10982 | D:11     | Reached skill level 1 in Shields
 10984 | D:11     | Got a silken robe
 11007 | D:11     | Identified the +4 robe of the Morning Star {rF++ Int+2 Dex+3} (You found it on level 11 of the Dungeon)
 11373 | D:11     | Gained mutation: You are immune to clouds of flame. [demonic ancestry]
 11373 | D:11     | Reached XP level 12. HP: 74/87 MP: 10/13
 11381 | D:11     | Reached skill level 15 in Long Blades
 11734 | Lair:1   | Entered Level 1 of the Lair of Beasts
 11911 | Lair:1   | Noticed Sonja
 11929 | Lair:1   | Lost mutation: Your flesh is cold resistant. (rC+) [potion of mutation]
 11929 | Lair:1   | Lost mutation: You occasionally shout uncontrollably at your foes. [potion of mutation]
 11929 | Lair:1   | Gained mutation: Your magical capacity is low. (-10% MP) [potion of mutation]
 11929 | Lair:1   | Gained mutation: Your mind is acute. (Int +2) [potion of mutation]
 12393 | Lair:1   | Noticed a four-headed hydra
 12479 | Lair:1   | Received a gift from Trog
 12502 | Lair:1   | Killed a five-headed hydra
 12530 | Lair:1   | Killed Sonja
 13197 | Lair:2   | Found a hole to the Spider Nest.
 13561 | Lair:2   | Noticed a four-headed hydra
 13562 | Lair:2   | Noticed Urug
 13578 | Lair:2   | HP: 3/94 [four-headed hydra (4)]
 13902 | Lair:1   | Slain by a four-headed hydra

Skill      XL: |  1  2  3  4  5  6  7  8  9 10 11 12 |
---------------+-------------------------------------+-----
Long Blades    | 3 4 5 6 7 9 10 13 14 15 | 15.0
Unarmed Combat | 2 3 4 5 |  5.5
Maces & Flails | 1 |  1.0
Dodging        | 3 4 |  4.0
Armour         | 3 |  3.5
Fighting       | 5 8 |  8.5
Evocations     | 2 |  2.1
Shields        | 1 |  1.2
Stealth        | |  1.7

Action                   |  1- 3 |  4- 6 |  7- 9 | 10-12 || total
-------------------------+-------+-------+-------+-------++-------
Melee: Falchion          |   125 |   112 |       |       ||   237
       Long sword        |       |    45 |    64 |   434 ||   543
       Great sword       |       |    75 |   142 |    29 ||   246
       Kick              |       |    34 |    70 |   150 ||   254
       Whip              |       |       |    18 |       ||    18
       Headbutt          |       |       |    28 |   110 ||   138
       Punch             |       |       |     2 |     5 ||     7
 Fire: Blowgun           |       |       |     1 |       ||     1
Throw: Tomahawk          |       |       |       |     6 ||     6
Invok: Berserk           |       |       |     6 |    11 ||    17
       Brothers in Arms  |       |       |       |     3 ||     3
       Burn Spellbooks   |       |       |       |     3 ||     3
       Trog's Hand       |       |       |       |     1 ||     1
 Abil: Blink             |       |       |     1 |       ||     1
Evoke: Wand              |       |       |       |    23 ||    23
  Use: Potion            |     3 |     4 |     4 |    18 ||    29
       Scroll            |       |     5 |    15 |    11 ||    31
 Stab: Sleeping          |     2 |     2 |       |     4 ||     8
  Eat: Chunk             |     2 |     7 |    12 |    17 ||    38
       Fruit             |       |       |     3 |     4 ||     7
       Meat ration       |       |       |     1 |     4 ||     5
Armor: Robe              |    14 |       |       |    64 ||    78
       Ring mail         |    27 |   100 |    10 |       ||   137
       Skin              |       |    28 |       |    23 ||    51
       Scale mail        |       |       |    66 |   120 ||   186
Dodge: Dodged            |    92 |   131 |   108 |   270 ||   601
       Rpst.: Falchion   |    21 |    13 |       |       ||    34
       Great sword       |       |    20 |    21 |     5 ||    46
       Long sword        |       |     6 |     6 |    52 ||    64
